 Dungeon Crawl Stone Soup version 0.28-a0-1033-g1a2f33fa85 (webtiles) character file.

Game seed: 12797757296336923920

80 siradein the Skirmisher (level 4, -3/40 HPs)
             Began as a Draconian Fighter on Dec 7, 2021.
             Slain by an orc (7 damage)
             ... on level 2 of the Dungeon.
             The game lasted 00:02:43 (2040 turns).

siradein the Skirmisher (Draconian Fighter)         Turns: 2040, Time: 00:02:44

Health: -3/40      AC:  5    Str: 21    XL:     4   Next: 18%
Magic:  4/4        EV: 12    Int:  8    God:
Gold:   83         SH:  4    Dex: 10    Spells: 3/3 levels left

rFire   . . .      SeeInvis .   a - +0 flail
rCold   . . .      Faith    .   b - +0 buckler
rNeg    . . .      Spirit   .   (armour unavailable)
rPois   .          Reflect  .   (helmet restricted)
rElec   .          Harm     .   (no cloak)
rCorr   .          Rampage  .   (no gloves)
Will    .....                   (no boots)
Stlth   +.........              (no amulet)
HPRegen 0.13/turn               (no ring)
MPRegen 0.09/turn               (no ring)

@: lethally poisoned (-3 -> -5)
A: AC +5, unfitting armour, cold-blooded
a: no special abilities


You were on level 2 of the Dungeon.
You visited 1 branch of the dungeon, and saw 3 of its levels.

You collected 83 gold pieces.

Inventory:

Hand Weapons
 a - a +0 flail (weapon)
Missiles
 g - 3 atropa-tipped darts (quivered)
Armour
 b - a +0 buckler (worn)
Scrolls
 d - a scroll of vulnerability
 e - a scroll of enchant weapon
 k - 3 scrolls of identify
 o - a scroll of fear {unknown}
 p - a scroll of brand weapon {unknown}
Potions
 c - a potion of might
 f - a potion of ambrosia
 h - a potion of magic {unknown}
 i - a potion of resistance {unknown}
 j - 2 potions of flight {unknown}
 l - 2 potions of curing {unknown}
 m - a potion of degeneration {unknown}
 n - a potion of attraction {unknown}


   Skills:
 + Level 3.9 Fighting
 + Level 2.7 Maces & Flails
 + Level 3.2 Dodging
 + Level 3.7 Shields


You had 3 spell levels left.
You didn't know any spells.
Your spell library was empty.

Dungeon Overview and Level Annotations

Branches:
Dungeon (3/15)

Altars:

Annotations:
D:2 1 runed translucent door, Crazy Yiuf


Innate Abilities, Weirdness & Mutations

Your plain brown scales are hard. (AC +5)
You cannot fit into any form of body armour.
You are cold-blooded and may be slowed by cold attacks.


Message History

You are poisoned.
The adder poisons you! The orc closely misses you.
The adder bites you but does no damage. You block the rat's attack.
You closely miss the adder.
The adder is almost dead.
You feel sick. The adder bites you but does no damage.
The orc barely misses you. The rat bites you. You block the adder's attack.
The orc hits you but does no damage.
You closely miss the adder.
The adder is almost dead.
You feel sick. The rat bites you. The adder closely misses you.
The orc hits you with a +2 falchion of holy wrath.
You block the rat's attack. The adder closely misses you.
You barely miss the adder.
The adder is almost dead.
You feel sick. The orc barely misses you.
The adder bites you but does no damage. The rat misses you.
You miss the adder.
The adder is almost dead.
You feel sick. The adder closely misses you.
The orc hits you but does no damage. The rat bites you but does no damage.
The adder barely misses you. You block the orc's attack.
You closely miss the adder.
The adder is almost dead.
You feel sick.
You are no longer poisoned.
You block the rat's attack. The adder bites you.
You are poisoned.
The adder poisons you! The orc closely misses you. You block the rat's attack.
You completely miss the adder.
The adder is almost dead.
You feel sick. The adder misses you.
The orc hits you with a +2 falchion of holy wrath.
* * * LOW HITPOINT WARNING * * *
The adder bites you but does no damage. You block the rat's attack.
You closely miss the adder.
The adder is almost dead.
You feel sick. The adder bites you but does no damage.
The orc hits you with a +2 falchion of holy wrath!
You die...

###### #....# #.##.#
#.##.# #### #o##.######
#... #.##.##...# ######.##
#o##.##.#.###......#
#.##o##............#
#.##@.......#.....###
#.#.Sr...#...........
#.##.###.##..##.#.###
#....# #.###.##.#.#
####.###'#......#.#
####### #........#..###.##
#.....# #................#
#.....###.............####
#...............###....).#


You could see an adder, an orc and a rat.

Vanquished Creatures
  An orc wizard (D:2)
  An orc (D:2)
  7 bats
  5 endoplasms
  7 goblins
  9 hobgoblins
  2 quokkas
  4 ball pythons
  7 frilled lizards (D:1)
  3 kobolds
  5 rats
51 creatures vanquished.

Vanquished Creatures (others)
  6 plants (D:1)
6 creatures vanquished.

Grand Total: 57 creatures vanquished

Notes
Turn   | Place    | Note
-------+----------+-------------------------------------------
     0 | D:1      | siradein the Draconian Fighter began the quest for the Orb.
     0 | D:1      | Reached XP level 1. HP: 19/19 MP: 1/1
   158 | D:1      | Reached XP level 2. HP: 22/26 MP: 2/2
   795 | D:1      | Reached XP level 3. HP: 27/31 MP: 3/3
  1548 | D:2      | Found a runed translucent door.
  1549 | D:2      | Noticed Crazy Yiuf
  1799 | D:2      | HP: 1/33 [orc wizard/puff of flame (3)]
  1835 | D:2      | Reached XP level 4. HP: 15/40 MP: 4/4
  2040 | D:2      | Slain by an orc

Illustrated notes

Levels and vault maps discovered:
D:1:      matt_arrival_refuge, layout_rooms, minmay_hedge_maze,
          minmay_lizard_king
D:2:      layout_basic, uniq_crazy_yiuf_cottage
D:3:      layout_basic, ebering_ecumenical_altar_mist,
          gammafunk_ghost_mausoleum, nicolae_shop_unique_rings,
          wander_ebering_terrifying_dragon_lair

Skill      XL: |  1  2 |
---------------+-------+-----
Dodging        | 3 |  3.2
Fighting       | |  3.9
Maces & Flails | |  2.7
Shields        | |  3.7

Action                   |  1- 3 |  4- 6 || total
-------------------------+-------+-------++-------
Melee: Flail             |   138 |    13 ||   151
       Tailslap          |    11 |     1 ||    12
  Use: Scroll            |     2 |       ||     2
       Potion            |     1 |       ||     1
Armor: Skin              |    50 |    15 ||    65
Dodge: Dodged            |    90 |    19 ||   109
Block: Buckler           |    38 |     9 ||    47

Table legend: (Time is in decaauts)
 A = Elapsed time spent in this place.
 B = Non-inter-level travel time spent in this place.
 C = Inter-level travel time spent in this place.
 D = Time resting spent in this place.
 E = Time spent auto-exploring this place.
 F = Levels seen in this place.
 G = Mean time per level.
                   A        B        C        D        E       F      G
               +--------+--------+--------+--------+--------+-----+--------+
         Total |   2087 |   2043 |     44 |    176 |   1437 |   3 |  695.7 |
       Dungeon |   2087 |   2043 |     44 |    176 |   1437 |   3 |  695.7 |
               +--------+--------+--------+--------+--------+-----+--------+

Top non-repeatable levels by time:
     D:1: 1075 daAuts
     D:2: 990 daAuts
     D:3: 22 daAuts
